 Dungeon Crawl Stone Soup version 0.25-a0-87-ga3d287bc14 (webtiles) character file.

Game seed: 16336681403417171648, levelgen mode: deterministic

118 MrRokkomies the Skirmisher (level 5, -6/47 HPs)
             Began as a Ghoul Monk on Nov 10, 2019.
             Mangled by an iguana (11 damage)
             ... on level 4 of the Dungeon.
             The game lasted 00:08:02 (3058 turns).

MrRokkomies the Skirmisher (Ghoul Monk)             Turns: 3058, Time: 00:08:02

Health: -6/47      AC:  6    Str: 13 (16) XL:     5   Next: 2%
Magic:  4/4        EV:  9    Int:  3 (5)  God:
Gold:   192        SH:  0    Dex: 11 (15) Spells: 4/4 levels left

rFire    . . .     SeeInvis .     - Unarmed
rCold    + + .     Gourm    .   (no shield)
rNeg     + + +     Faith    .   n - +0 scale mail
rPois    ∞         Spirit   .   (no helmet)
rElec    .         Reflect  .   (no cloak)
rCorr    .         Harm     .   (no gloves)
MR       .....                  (no boots)
Stlth    ..........             (no amulet)
HPRegen  0.00/turn              q - +4 ring of dexterity
MPRegen  0.09/turn              r - ring of protection from cold

@: rotting
A: rotting body, claws 1, carnivore, cold resistance 1, negative energy
resistance 3, inhibited regeneration, torment resistance, unbreathing
a: no special abilities


You were on level 4 of the Dungeon.
You were not hungry.

You visited 1 branch of the dungeon, and saw 4 of its levels.

You collected 192 gold pieces.

Inventory:

Hand Weapons
 a - a +1 hunting sling
Missiles
 g - a throwing net
 h - 133 stones
 i - 32 sling bullets
 m - 10 boomerangs (quivered)
 o - 16 bolts
Armour
 n - a +0 scale mail (worn)
Jewellery
 e - an uncursed ring of fire
 q - a +4 ring of dexterity (left claw)
 r - a ring of protection from cold (right claw)
Scrolls
 f - a scroll of immolation
 l - 4 scrolls of teleportation
Potions
 d - a potion of haste
 k - a potion of mutation
 p - a potion of degeneration
Comestibles
 b - 3 rations


   Skills:
 * Level 4.9 Fighting
 - Level 2.6 Dodging
 - Level 2.1 Stealth
 * Level 4.9 Unarmed Combat


You had 4 spell levels left.
You didn't know any spells.
Your spell library was empty.

Dungeon Overview and Level Annotations

Branches:
Dungeon (4/15)
 Temple: D:4-7

Altars:

Annotations:
D:4 Eustachio


Innate Abilities, Weirdness & Mutations

Your body is rotting away.
You thrive on raw meat.
You are immune to poison.
You have sharp fingernails.
You are carnivorous and can eat meat at any time.
Your flesh is cold resistant. (rC+)
You are immune to negative energy. (rN+++)
You do not regenerate when monsters are visible.
You are immune to unholy pain and torment.
You can survive without breathing.


Message History

Unknown command.
The iguana hisses angrily.
You scratch the iguana.
The iguana is lightly wounded.
The iguana bites you.
* * * LOW HITPOINT WARNING * * *
You barely miss the iguana.
The iguana is lightly wounded.
The iguana bites you but does no damage.
You scratch the iguana.
The iguana is moderately wounded.
The iguana bites you!
* * * LOW HITPOINT WARNING * * *
You claw the iguana!
The iguana is almost dead.
The iguana barely misses you.
You completely miss the iguana.
The iguana is almost dead.
The iguana bites you!
You die...

#........#
#..###..#
#...###...#
#.....#
....##
###.#
.....#
...#.
#..###.....
..####
#.##...# #.
#....#
#...##
##l## #@#
###


You could see an iguana.

Vanquished Creatures
  2 adders (D:2)
  An ooze (D:1)
  A worm (D:2)
  3 dart slugs
  A leopard gecko (D:2)
  5 orcs
  A giant cockroach (D:3)
  8 goblins
  11 hobgoblins
  13 kobolds
  3 quokkas
  2 ball pythons
  7 bats
  7 frilled lizards
  13 rats
78 creatures vanquished.

Notes
Turn   | Place    | Note
-------+----------+-------------------------------------------
     0 | D:1      | MrRokkomies the Ghoul Monk began the quest for the Orb.
     0 | D:1      | Reached XP level 1. HP: 19/19 MP: 0/0
   114 | D:1      | Reached XP level 2. HP: 17/26 MP: 1/1
   382 | D:1      | Reached XP level 3. HP: 26/33 MP: 2/2
  1028 | D:2      | Reached XP level 4. HP: 37/41 MP: 3/3
  2585 | D:3      | Reached XP level 5. HP: 47/47 MP: 4/4
  2933 | D:4      | Noticed Eustachio
  3058 | D:4      | Mangled by an iguana

Levels and vault maps discovered:
D:1:      onia_arrival_mini_maze, layout_loops_ring
D:2:      layout_basic, serial_forest, infiniplex_forest_lined_4_way,
          infiniplex_forest_clump_long, infiniplex_forest_clump_long,
          infiniplex_forest_clump_medium, infiniplex_forest_corner_1,
          infiniplex_forest_lined_room_3, infiniplex_forest_clump_small,
          infiniplex_forest_lined_3, infiniplex_forest_lined_room_2
D:3:      layout_basic
D:4:      layout_layer_cave, elyvilon_altar_3, uniq_ijyb, uniq_edmund,
          uniq_natasha, uniq_eustachio

Skill      XL: |  1  2  3 |
---------------+----------+-----
Fighting       | 4 |  4.9
Unarmed Combat | 4 |  4.9
Dodging        | |  2.6
Stealth        | |  2.1

Action                   |  1- 3 |  4- 6 || total
-------------------------+-------+-------++-------
Melee: Unarmed           |   116 |   118 ||   234
       Punch             |     1 |     1 ||     2
  Use: Scroll            |     4 |     5 ||     9
       Potion            |       |     4 ||     4
 Stab: Sleeping          |    10 |       ||    10
       Distracted        |       |     1 ||     1
  Eat: Chunk             |     8 |    11 ||    19
Armor: Robe              |     6 |       ||     6
       Ring mail         |       |    20 ||    20
       Scale mail        |       |    34 ||    34
Dodge: Dodged            |    67 |   103 ||   170

Table legend:
 A = Non-vault XP
 B = Vault XP
 C = Vault XP percentage of total XP
 D = Non-vault monster count
 E = Vault monster count
 F = Vault count percentage of total count
                 A         B        C        D         E       F
            +---------+---------+-------+---------+---------+-------
      Total |     167 |       2 |   1.2 |      76 |       2 |   2.6
            +---------+---------+-------+---------+---------+-------
        D:1 |      58 |       2 |   3.3 |      32 |       2 |   5.9
        D:2 |      70 |       0 |   0.0 |      28 |       0 |   0.0
        D:3 |      36 |       0 |   0.0 |      15 |       0 |   0.0
        D:4 |       3 |       0 |   0.0 |       1 |       0 |   0.0
            +---------+---------+-------+---------+---------+-------
